Map: King's Cove LE

Players

Mudkip - Winner!

  • Race: Zerg Zerg
  • Spawn Location: 11:00

BabyOrgans

  • Race: Terran Terran
  • Spawn Location: 5:00

VOD

Have the link to the VOD?

Description

Time

  • Played on: May 31, 2019, 10:36 p.m.
  • Length: 8:11
Show
View Real Time Build Order
Export as new Build Order

Mudkip Zerg - Winner!

Build Orders: Pool First 

Get SALT Encoding   

  12  0:05  Drone  
  13  0:29  Overlord  
  13  0:31  Drone  
  14  0:37  Overlord  
  14  0:45  Overlord  
  14  0:50  Extractor  
  14  0:52  Extractor, Drone  
  13  1:04  Drone  
  14  1:19  Overlord  
  14  1:27  Spawning Pool  
  13  1:34  Evolution Chamber  
  12  1:51  Drone x3  
  15  2:05  Overlord  
  15  2:13  Drone  
  16  2:15  Metabolic Boost  
  16  2:24  Queen  
  16  2:29  Drone  
  19  2:39  Zergling x2  
  20  2:48  Zergling x2  
  21  2:57  Drone  
  22  3:14  Overlord  
  22  3:25  Zergling x2  
  23  3:35  Hatchery  
  22  3:43  Zergling x8  
  22  3:47  Queen  
  28  3:55  Zergling x2  
  29  4:08  Zerg Melee Weapons Level 1  
  29  4:14  Zergling x4  
  31  4:25  Zergling x2  
  32  4:32  Roach Warren  
  32  4:33  Zergling x2  
  32  4:50  Zergling x6  
  32  4:52  Zergling x2  
  36  4:55  Drone  
  36  4:56  Extractor  
  36  4:58  Drone  
  37  5:11  Drone  
  38  5:17  Zergling x6  
  41  5:33  Zergling x4  
  41  5:35  Zergling x6  
  46  5:49  Zergling x2  
  47  5:51  Zergling x4  
  47  5:52  Zergling x4  
  51  6:05  Lair  
  51  6:10  Drone  
  48  7:33  Drone x3  
  48  7:35  Zergling x8  
Show
View Real Time Build Order
Export as new Build Order

BabyOrgans Terran 

Build Orders:  

Get SALT Encoding   

  12  0:24  Engineering Bay  
  12  0:27  Supply Depot  
  12  0:34  Supply Depot  
  12  1:04  Refinery  
  12  1:06  SCV  
  13  1:18  SCV  
  14  1:30  SCV  
  14  1:32  Missile Turret  
  15  1:44  Missile Turret  
  15  1:46  SCV  
  16  1:58  SCV  
  17  2:10  SCV  
  17  2:12  Barracks  
  18  2:18  Hi-Sec Auto Tracking  
  18  2:22  SCV  
  19  3:04  Ghost Academy  
  19  3:38  Marine  
  20  3:49  Personal Cloaking  
  20  3:56  Marine  
  20  3:59  Supply Depot  
  21  4:14  Marine  
  22  4:19  Factory  
  22  4:37  Barracks Tech Lab  
  24  5:00  Marauder  
  26  5:21  Marauder  
  26  5:30  Factory Tech Lab  
  28  5:42  Marauder  
  28  5:53  Starport  
  30  6:04  Marauder  
  30  6:12  Command Center  
  30  6:25  Marine  
  31  6:31  Armory  
  31  6:34  SCV  
  32  6:46  SCV  
  27  6:58  SCV  
  16  7:03  Hellion  
  16  7:06  Marine  
  5  7:24  Marine  
  5  7:25  Widow Mine  
  4  7:41  Marine  
  5  7:44  Command Center  
Tags
 
Matchup
TvZ
Opening
Pool First
Spawn Locations
Cross Positions
Add a new tag
Caveats
  • Supply blocks, unpowered buildings, or Contaminate may cause inaccurate times.
  • Supply counts are checked every 10 seconds.